 Dungeon Crawl Stone Soup version 0.31-a0-569-g7ea453304b (webtiles) character file.

Game seed: 18405904900835620698

23 JackS81 the Changeling (level 2, -2/25 HPs)
             Began as a Naga Shapeshifter on Aug 18, 2023.
             Slain by a quokka (5 damage)
             ... on level 1 of the Dungeon.
             The game lasted 00:01:29 (342 turns).

JackS81 the Changeling (Naga Shapeshifter)           Turns: 342, Time: 00:01:30

Health: -2/25      AC:  1    Str: 17    XL:     2   Next: 95%
Magic:  2/2        EV:  9    Int:  8    God:
Gold:   19         SH:  0    Dex: 11    Spells: 1/1 levels left

rFire   . .          .
                       - Unarmed
rCold   . . .        (no shield)
rNeg    . . .        a - +0 animal skin
rPois   +            (helmet currently unavailable)
rElec   .            (cloak currently unavailable)
rCorr   .            (gloves currently unavailable)
SInv    +            (no barding)
Will    .....        (no amulet)
Stlth   +            (no ring)
HPRegen 0.24/turn    (no ring)
MPRegen 0.08/turn

%: no passive effects
@: beast-form, very slow
A: beast (slay +2), AC +0, large, see invisible, deformed body, poison
resistance, slowness 2, spit poison 1, naga tail 1
a: Spit Poison, Begin Untransformation


You were on level 1 of the Dungeon.
You were a hulking beast.
You visited 1 branch of the dungeon, and saw 2 of its levels.

You collected 19 gold pieces.

Inventory:

Hand Weapons
 e - a +0 short sword
Armour
 a - a +0 animal skin (worn)
Talismans
 c - a beast talisman (active)
 d - a flux talisman
Scrolls
 g - a scroll of blinking {unknown}
 h - 2 scrolls of silence {unknown}
Potions
 b - a potion of lignification
 f - a potion of curing {unknown}


   Skills:
 - Level 1.0 Fighting
 - Level 1.5 Dodging
 - Level 3.0 Unarmed Combat
 + Level 3.7 Shapeshifting


You had one spell level left.
You didn't know any spells.
Your spell library was empty.

Dungeon Overview and Level Annotations

Branches:
Dungeon (2/15)

Altars:


Innate Abilities, Weirdness & Mutations

You are a hulking beast.
Your limbs bulge with bestial killing power. (Slay +2)
Your serpentine skin is tough. (AC +0)
You have supernaturally acute eyesight. (SInv)
Armour fits poorly on your strangely shaped body.
Your system is resistant to poisons. (rPois)
You cover ground very slowly.
You can spit poison.
You have a snake-like lower body.


Message History

The rat bites you.
You barely miss the rat. You punch the rat.
You kill the rat!
There is a stone staircase leading up here.
You climb upwards.
There is a stone staircase leading down here.
A dart slug comes into view.
Found a fuming pink potion.
The dart slug launches a dart at you. The slug dart hits you.
The dart slug launches a dart at you. The slug dart hits you.
A frilled lizard and a quokka come into view.
The frilled lizard hisses angrily.
The dart slug bites you.
You hit the dart slug.
The dart slug is moderately wounded.
The dart slug closely misses you.
You punch the dart slug!
You kill the dart slug!
The quokka bites you.
You see here a dart slug corpse.
You miss the quokka. The quokka barely misses you.
The frilled lizard bites you.
You miss the quokka. The quokka bites you. The frilled lizard bites you.
* * * LOW HITPOINT WARNING * * *
You hit the quokka.
The quokka is heavily wounded.
The quokka bites you.
* * * LOW HITPOINT WARNING * * *
The frilled lizard bites you.
* * * LOW HITPOINT WARNING * * *
You miss the quokka.
The quokka is heavily wounded.
The quokka closely misses you. The quokka bites you.
* * * LOW HITPOINT WARNING * * *
The frilled lizard bites you.
* * * LOW HITPOINT WARNING * * *
The quokka bites you.
You die...

..............#...# .#
.....>........#...###.#..#
..............#..........#
..............#..........#
........>.....#.....!....#
.††.....................#
...............#........##
.........................#
......##......#.hr†......#
#..#.........)...l........
.#..#..#..#.##............
.....#.#..#.##............
..........................
.....#....#.#..........#..
.....##....†#.........#...
.....##.................#
............#.......


You could see a quokka and a frilled lizard.

Vanquished Creatures
  2 dart slugs (D:1)
  3 ball pythons (D:1)
  2 endoplasms (D:1)
  A giant cockroach (D:1)
  A goblin (D:2)
  3 hobgoblins
  2 quokkas (D:2)
  A kobold (D:1)
  2 rats
17 creatures vanquished.

Notes
Turn   | Place    | Note
-------+----------+-------------------------------------------
     0 | D:1      | JackS81 the Naga Shapeshifter began the quest for the Orb.
     0 | D:1      | Reached XP level 1. HP: 18/18 MP: 1/1
   106 | D:1      | Reached XP level 2. HP: 23/25 MP: 2/2
   202 | D:1      | You fall into a shaft and drop 1 floor!
   342 | D:1      | Slain by a quokka

Illustrated notes

Levels and vault maps discovered:
D:1:      saegor_arrival_simple_c, layout_rooms, chequers_serial_rivers_micro_a,
          serial_park_tiny_1, corexii_corridor_pit
D:2:      layout_basic, serial_shops, nicolae_shop_just_a_little_nook,
          minivault_25

Action                     || total
---------------------------++-------
  Melee: Unarmed           ||    50
         Punch             ||     1
 Armour: Animal skin       ||     3
  Dodge: Dodged            ||    28

Table legend: (Time is in decaauts)
 A = Elapsed time spent in this place.
 B = Non-inter-level travel time spent in this place.
 C = Inter-level travel time spent in this place.
 D = Time resting spent in this place.
 E = Time spent auto-exploring this place.
 F = Levels seen in this place.
 G = Mean time per level.
                   A        B        C        D        E       F      G
               +--------+--------+--------+--------+--------+-----+--------+
         Total |    416 |    416 |      0 |      0 |    261 |   2 |  208.0 |
       Dungeon |    416 |    416 |      0 |      0 |    261 |   2 |  208.0 |
               +--------+--------+--------+--------+--------+-----+--------+

Top non-repeatable levels by time:
     D:1: 263 daAuts
     D:2: 152 daAuts
